 Dungeon Crawl Stone Soup version 0.28.0-53-g5a82cb258f (webtiles) character file.

Game seed: 17441987592502143901

26 Revguard the Shield-Bearer (level 2, -1/22 (25) HPs)
             Began as a Demigod Fighter on Aug 25, 2022.
             Slain by an adder (4 damage)
             ... on level 2 of the Dungeon.
             The game lasted 00:01:51 (1257 turns).

Revguard the Shield-Bearer (Demigod Fighter)        Turns: 1257, Time: 00:01:52

HP:   -1/22 (25)    AC:  6    Str: 17    XL:     2   Next: 69%
MP:   4/4           EV:  9    Int: 10    God:
Gold: 52            SH:  4    Dex: 13    Spells: 1/1 levels left

rFire   . . .      SeeInvis .   a - +0 long sword
rCold   . . .      Faith    .   c - +0 buckler
rNeg    . . .      Spirit   .   b - +0 scale mail
rPois   .          Reflect  .   (no helmet)
rElec   .          Harm     .   (no cloak)
rCorr   .          Rampage  .   (no gloves)
Will    .....                   (no boots)
Stlth   ..........              (no amulet)
HPRegen 0.07/turn               (no ring)
MPRegen 0.09/turn               (no ring)

@: heavily drained
A: high MP 1, forlorn, divine attributes
a: no special abilities


You were on level 2 of the Dungeon.
You visited 1 branch of the dungeon, and saw 2 of its levels.

You collected 52 gold pieces.

Inventory:

Hand Weapons
 a - a +0 long sword (weapon)
Armour
 b - a +0 scale mail (worn)
 c - a +0 buckler (worn)
Scrolls
 e - a scroll of acquirement {unknown}
 f - 3 scrolls of identify {unknown}
 g - a scroll of magic mapping {unknown}
Potions
 d - 2 potions of might
 h - a potion of lignification {unknown}
 i - a potion of brilliance {unknown}


   Skills:
 + Level 2.9 Fighting
 + Level 2.0 Long Blades
 + Level 2.9 Armour
 + Level 0.5 Dodging
 + Level 2.9 Shields
 + Level 0.6 Evocations


You had one spell level left.
You didn't know any spells.
Your spell library was empty.

Dungeon Overview and Level Annotations

Branches:
Dungeon (2/15)


Innate Abilities, Weirdness & Mutations

You have an increased reservoir of magic. (+10% MP)
You shall have no god before yourself.
Your divine heritage dramatically boosts your attributes as you level up.


Message History

The adder bites you but does no damage. The kobold hits you but does no damage.
The kobold hits you with a +0 dagger. The adder bites you but does no damage.
The adder bites you.
You barely miss the adder.
The adder is heavily wounded.
The adder bites you but does no damage. You block the adder's attack.
You miss the adder.
The adder is heavily wounded.
You block the adder's attack. The adder barely misses you.
You closely miss the adder.
The adder is heavily wounded.
The adder bites you but does no damage. The adder bites you.
You are poisoned.
The adder poisons you!
You miss the adder.
The adder is heavily wounded.
You feel very sick. You block the adder's attack.
You miss the adder.
The adder is heavily wounded.
You feel sick. You block the adder's attack.
The adder bites you but does no damage.
You miss the adder.
The adder is moderately wounded.
You feel sick. You block the adder's attack.
The adder bites you but does no damage.
You closely miss the adder.
The adder is moderately wounded.
You feel sick. The adder bites you but does no damage.
You hit the adder.
The adder is severely wounded.
You feel sick.
You are no longer poisoned.
The adder bites you but does no damage. The adder bites you.
* * * LOW HITPOINT WARNING * * *
You barely miss the adder.
The adder is heavily wounded.
The adder bites you.
You die...

#.......# # #..:....# #
#...../.# #+# # #.......#
#.# #.......# #.#######
#......K########.#.....#
......##S..........###.##
.##.#. #S#####...........
# # #@# #.....###.#. #.#
#.#.#.#..... ..#
#.###.#.#.#. ##.# #..
....#.#. #.. ..# #.###.#.
### ### #.. .... # ####


You could see an adder, a ball python and a kobold.

Vanquished Creatures
  6 bats (D:1)
  3 endoplasms (D:1)
  A giant cockroach (D:1)
  3 goblins (D:1)
  A hobgoblin (D:2)
  2 quokkas (D:1)
  A ball python (D:1)
  2 frilled lizards (D:1)
  4 kobolds (D:1)
  A rat (D:2)
24 creatures vanquished.

Notes
Turn   | Place    | Note
-------+----------+-------------------------------------------
     0 | D:1      | Revguard the Demigod Fighter began the quest for the Orb.
     0 | D:1      | Reached XP level 1. HP: 18/18 MP: 3/3
   385 | D:1      | Reached XP level 2. HP: 25/25 MP: 4/4
  1257 | D:2      | Slain by an adder

Illustrated notes

Levels and vault maps discovered:
D:1:      dpeg_arrival_rooms_a, layout_basic, bh_walls_and_bars
D:2:      layout_loops_corners, shapermc_ecumenical_altar_ellora,
          minmay_tripent, uniq_sigmund

Skill      XL: |  1 |
---------------+----+-----
Long Blades    | 2 |  2.0
Fighting       | |  2.9
Armour         | |  2.9
Dodging        | |  0.5
Shields        | |  2.9
Evocations     | |  0.6

Action                   || total
-------------------------++-------
Melee: Long sword        ||    86
Armor: Scale mail        ||    54
Dodge: Dodged            ||    56
Block: Buckler           ||    40
